 Dungeon Crawl Stone Soup version 0.24-b1 (webtiles) character file.

Game seed: 1811217660791019902, levelgen mode: deterministic

1384 Gargoyl the Covered (level 8, -5/67 HPs)
             Began as a Centaur Abyssal Knight on Oct 13, 2019.
             Was a Priest of Lugonu.
             Slain by an orc warrior
             ... wielding a +0 glaive
              (10 damage)
             ... on level 7 of the Dungeon.
             The game lasted 00:11:07 (8608 turns).

Gargoyl the Covered (Centaur Abyssal Knight)        Turns: 8608, Time: 00:11:07

Health: -5/67      AC: 11    Str: 15    XL:     8   Next: 40%
Magic:  11/11      EV:  9    Int: 11    God:    Lugonu [***...]
Gold:   345        SH:  0    Dex: 11    Spells: 7/7 levels left

rFire    . . .     SeeInvis .   a - +1 hand axe
rCold    . . .     Gourm    .   (no shield)
rNeg     . . .     Faith    .   d - +3 ring mail
rPois    .         Spirit   .   (no helmet)
rElec    .         Reflect  .   g - +1 cloak
rCorr    .         Harm     .   (no gloves)
MR       .....                  (no barding)
Stlth    ..........             h - amulet of magic regeneration
HPRegen  0.21/turn              (no ring)
MPRegen  0.37/turn              (no ring)

@: drained, very quick
A: large, hooves 3, deformed body, speed 2, tough skin 3
a: Depart the Abyss, Bend Space, Banish, Renounce Religion


You were on level 7 of the Dungeon.
You worshipped Lugonu.
Lugonu was most pleased with you.
You were hungry.

You visited 1 branch of the dungeon, and saw 8 of its levels.
You visited the Abyss 1 time.

You collected 345 gold pieces.

Inventory:

Hand Weapons
 a - a +1 hand axe (weapon)
 q - a +4 hand axe of freezing
 r - a +0 shortbow of freezing
Missiles
 f - 5 silver boomerangs (quivered)
Armour
 d - a +3 ring mail (worn)
 g - a +1 cloak (worn)
Jewellery
 h - an amulet of magic regeneration (around neck)
Wands
 j - a wand of polymorph (10)
 k - a wand of paralysis (14)
Scrolls
 e - 2 scrolls of identify
 l - a scroll of remove curse
 p - a scroll of magic mapping
Potions
 b - a potion of haste
 m - a potion of agility
Comestibles
 c - 9 rations


   Skills:
 + Level 4.5(3.7) Fighting
 + Level 4.2(3.4) Axes
 + Level 2.0(1.2) Bows
 + Level 2.0(1.2) Throwing
 * Level 4.7(3.9) Armour
 * Level 3.0(2.2) Dodging
 * Level 4.6(3.8) Invocations


You had 7 spell levels left.
You didn't know any spells.
Your spell library was empty.

Dungeon Overview and Level Annotations

Branches:
Dungeon (8/15)
 Temple: D:4-7         Lair: D:8-11

Altars:
Nemelex Xobeh
Vehumet
Yredelemnul
Zin
The Shining One


Innate Abilities, Weirdness & Mutations

You have hooves in place of feet.
Armour fits poorly on your strangely shaped body.
You cover ground very quickly.
You have extremely tough skin. (AC +3)


Message History

The orc warrior is lightly wounded.
The orc warrior barely misses you.
You hit the orc warrior.
The orc warrior is heavily wounded.
The orc warrior hits you with a +0 glaive!
You closely miss the orc warrior. You kick the orc warrior.
The orc warrior is severely wounded.
You hit the orc warrior but do no damage.
The orc warrior is severely wounded.
The orc warrior hits you with a +0 glaive!!
You closely miss the orc warrior.
The orc warrior is severely wounded.
The orc warrior hits you with a +0 glaive!!
* * * LOW HITPOINT WARNING * * *
You hear an angry hiss.
You barely miss the orc warrior. You kick the orc warrior!
The orc warrior is almost dead.
An adder comes into view.
The orc warrior hits you with a +0 glaive!
You die...

....# #..# .....#
....####.# #...# ##
#...##.%# ###...# #.
#.....###....##
#.#####.............##
##..............####...
.##..........o.####
##.. .........o###.##
##.. ..#....@## #.#
#... ##..>## ..# #...
##.†....... #...#
##....###. ......
#..### ## ....... S..#
##..##. ...# #.. ##
##.. # #.


You could see an orc warrior and an adder.

Vanquished Creatures
  An ogre (D:5)
  A centaur (D:6)
  A bullfrog (D:6)
  A water moccasin zombie (D:5)
  2 scorpions
  4 wights (D:5)
  A crimson imp (D:7)
  4 orc priests
  A centaur zombie (D:5)
  A hound (D:4)
  2 centaur skeletons (D:6)
  Crazy Yiuf (D:5)
  An iguana (D:7)
  3 orc wizards
  5 worker ants
  A hound zombie (D:7)
  A mummy (D:5)
  3 gnolls (D:4)
  13 adders
  A howler monkey skeleton (D:4)
  An ooze (D:3)
  A worm (D:4)
  3 dart slugs
  4 leopard geckos
  20 orcs
  3 giant cockroaches
  7 hobgoblins
  4 jackals
  5 bats
  4 frilled lizards
  10 goblins
  A jackal skeleton (D:4)
  3 kobolds
  8 rats
  A fungus (D:5)
123 creatures vanquished.

Vanquished Creatures (others)
  An orc wizard (D:7)
1 creature vanquished.

Grand Total: 124 creatures vanquished

Notes
Turn   | Place    | Note
-------+----------+-------------------------------------------
     0 | Abyss:1  | Gargoyl the Centaur Abyssal Knight began the quest for the
                  | Orb.
     0 | Abyss:1  | Reached XP level 1. HP: 19/19 MP: 2/2
     1 | Abyss:1  | Found a corrupted altar of Lugonu.
   118 | Abyss:1  | Found a corrupted altar of Lugonu.
   145 | Abyss:1  | Noticed an orange demon
   213 | Abyss:4  | Noticed a raiju
   213 | Abyss:4  | Noticed a raiju
   213 | Abyss:4  | Noticed a raiju
   213 | Abyss:4  | Noticed a small abomination
   213 | D:1      | Escaped the Abyss
   500 | D:1      | Reached * piety under Lugonu
   505 | D:1      | Reached XP level 2. HP: 25/26 MP: 3/3
  1162 | D:2      | Reached skill level 1 in Dodging
  1357 | D:2      | Reached XP level 3. HP: 26/31 MP: 4/4
  1812 | D:2      | Reached ** piety under Lugonu
  2424 | D:2      | Found a glowing silver altar of Zin.
  2452 | D:3      | Reached XP level 4. HP: 26/38 MP: 5/5
  2610 | D:3      | Found a basalt altar of Yredelemnul.
  2694 | D:3      | Found a radiant altar of Vehumet.
  3463 | D:3      | Reached XP level 5. HP: 32/45 MP: 7/7
  4473 | D:4      | Reached XP level 6. HP: 36/52 MP: 8/8
  5027 | D:5      | Entered Level 5 of the Dungeon
  5650 | D:6      | Noticed a sky beast
  6010 | D:4      | Reached XP level 7. HP: 46/59 MP: 9/9
  6110 | D:5      | Reached *** piety under Lugonu
  6667 | D:5      | Found a runed translucent door.
  6668 | D:5      | Noticed Crazy Yiuf
  6684 | D:5      | Killed Crazy Yiuf
  7121 | D:5      | HP: 1/59 [wight/+0 flail (4)]
  7966 | D:6      | Reached XP level 8. HP: 66/67 MP: 11/11
  7986 | D:6      | Found a sparkling altar of Nemelex Xobeh.
  7995 | D:6      | Reached skill level 1 in Throwing
  8035 | D:6      | You fall into a shaft and drop 1 floor!
  8094 | D:7      | Reached skill level 1 in Bows
  8135 | D:7      | Found a radiant altar of Vehumet.
  8271 | D:8      | Found a glowing golden altar of the Shining One.
  8533 | D:8      | Paralysed by an orc for 3 turns
  8608 | D:7      | Slain by an orc warrior

Skill      XL: |  1  2  3  4  5  6  7  8 |
---------------+-------------------------+-----
Axes           | 2 3 4 |  4.2
Dodging        | 1 2 3 |  3.0
Armour         | 2 3 4 |  4.7
Invocations    | 3 4 |  4.6
Fighting       | 4 |  4.5
Throwing       | 2 |  2.0
Bows           | 2 |  2.0

Action                   |  1- 3 |  4- 6 |  7- 9 || total
-------------------------+-------+-------+-------++-------
Melee: Hand axe          |   114 |   231 |   198 ||   543
       Kick              |    10 |    41 |    46 ||    97
 Fire: Shortbow          |       |       |    20 ||    20
Throw: Boomerang         |       |     3 |    53 ||    56
Invok: Depart the Abyss  |     1 |       |       ||     1
       Banish            |       |       |     1 ||     1
  Use: Scroll            |    10 |     3 |     3 ||    16
       Potion            |     1 |       |     5 ||     6
  Eat: Chunk             |     3 |     9 |     9 ||    21
Armor: Ring mail         |    67 |   134 |   118 ||   319
       Skin              |       |       |     2 ||     2
Dodge: Dodged            |    58 |    91 |   118 ||   267
